 Dungeon Crawl Stone Soup version 0.21-a0-241-g2cbab09 (webtiles) character file.

55 tidbits the Grave Robber (level 3, 0/26 HPs)
             Began as a Demigod Necromancer on Sept 3, 2017.
             Slain by a centaur skeleton (5 damage)
             ... on level 4 of the Dungeon.
             The game lasted 00:04:44 (345 turns).

tidbits the Grave Robber (Demigod Necromancer)       Turns: 345, Time: 00:04:45

Health: 0/26       AC:  2    Str: 16    XL:     3   Next: 45%
Magic:  7/9        EV: 13    Int: 21    God:
Gold:   82         SH:  0    Dex: 16    Spells: 5/7 levels left

rFire    . . .     SeeInvis .   a - +0 quarterstaff
rCold    . . .     Gourm    .   (shield currently unavailable)
rNeg     . . .     Faith    .   h - +0 robe
rPois    .         Spirit   .   (no helmet)
rElec    .         Reflect  .   (no cloak)
rCorr    .         Harm     .   (no gloves)
MR       .....                  (no boots)
Stlth    ++........             (no amulet)
HPRegen  0.08/turn              d - +1 ring of slaying
MPRegen  0.11/turn              (no ring)

@: mighty
A: high mp 1
a: no special abilities


You were on level 4 of the Dungeon.
You were not hungry.

You visited 1 branch of the dungeon, and saw 4 of its levels.

You collected 82 gold pieces.

Inventory:

Hand Weapons
 a - a +0 quarterstaff (weapon)
 e - a +0 hand axe
 g - a +0 dagger
Missiles
 l - 4 stones (quivered)
Armour
 h - a +0 robe (worn)
Jewellery
 d - a +1 ring of slaying (left hand)
   (You found it on level 1 of the Dungeon)
Scrolls
 j - 2 scrolls of enchant armour {unknown}
 m - a scroll of noise {unknown}
 o - 2 scrolls of identify {unknown}
Potions
 k - a potion of curing {unknown}
 n - a potion of cancellation {unknown}
 p - a potion of mutation {unknown}
Books
 b - a book of Necromancy

   Spells                             Type                      Level
   a - Pain                           Necromancy                   1
   b - Animate Skeleton               Necromancy                   1
   c - Vampiric Draining              Necromancy                   3
   d - Regeneration                   Charms/Necromancy            3
   e - Animate Dead                   Necromancy                   4
   f - Control Undead                 Necromancy                   4
Comestibles
 c - 3 bread rations
 f - a chunk of flesh


   Skills:
 - Level 2.0 Dodging
 - Level 1.7 Stealth
 + Level 2.5 Spellcasting
 * Level 4.3 Necromancy


You had 5 spell levels left.
You knew the following spells:

 Your Spells              Type           Power        Failure   Level  Hunger
n - Animate Skeleton      Necr           N/A          2%          1    None
z - Pain                  Necr           ###.         2%          1    None


Dungeon Overview and Level Annotations

Branches:
Dungeon (4/15)
 Temple: D:4-7


Innate Abilities, Weirdness & Mutations

You have an increased reservoir of magic. (+10% MP)


Message History

Aim: an adder (heavily wounded, chance to defeat MR: 81%)
The adder barely resists.
The adder bites you.
Casting: Pain
Confirm with . or Enter, or press ? or * to list all spells.
Aiming: Pain
Press: ? - help, Shift-Dir - straight line, f/p - adder
Aim: an adder (heavily wounded, chance to defeat MR: 81%)
The adder writhes in agony!
The adder completely misses you.
Casting: Pain
Confirm with . or Enter, or press ? or * to list all spells.
Aiming: Pain
Press: ? - help, Shift-Dir - straight line, f/p - adder
Aim: an adder (severely wounded, chance to defeat MR: 81%)
The adder writhes in agony!
You kill the adder!
Your Necromancy skill increases to level 4!
A hobgoblin comes into view. It is wielding a club.
Found a white potion.
Found a scroll labeled PIUL ZUDOWAYB.
Found a bread ration.
You see here 12 gold pieces.
You now have 82 gold pieces (gained 12).
Casting: Pain
Confirm with . or Enter, or press ? or * to list all spells.
Aiming: Pain
Press: ? - help, Shift-Dir - straight line, f - hobgoblin
Aim: a hobgoblin, wielding a club (chance to defeat MR: 87%)
The hobgoblin writhes in agony!
You kill the hobgoblin!
Found a stone staircase leading down.
m - a scroll labeled PIUL ZUDOWAYB
Found a scroll labeled WUNEYGOGOI.
n - a white potion A giant cockroach comes into view.
Found a bubbling silvery potion.
You see here a bread ration.
c - 3 bread rations (gained 1)
Casting: Pain
Confirm with . or Enter, or press ? or * to list all spells.
Aiming: Pain
Press: ? - help, Shift-Dir - straight line, f - giant cockroach
Aim: a giant cockroach (resting, chance to defeat MR: 87%)
The giant cockroach writhes in agony!
You kill the giant cockroach!
o - a scroll labeled WUNEYGOGOI
p - a bubbling silvery potion
Okay, then.
Found a scroll labeled WUNEYGOGOI.
Found a scroll labeled HOIVESCH UJALO.
o - 2 scrolls labeled WUNEYGOGOI (gained 1)
j - 2 scrolls labeled HOIVESCH UJALO (gained 1) Some of the chunks of flesh in your inventory have rotted away.
There is a stone staircase leading down here.
You climb downwards. 2 skeletons come into view.
Found a stone staircase leading down.
There is a stone staircase leading up here.
The helpless bullfrog skeleton fails to defend itself.
You hit the bullfrog skeleton.
The bullfrog skeleton is moderately damaged.
The bullfrog skeleton misses you.
The bullfrog skeleton closely misses you.
You hit the bullfrog skeleton.
The bullfrog skeleton is heavily damaged.
The bullfrog skeleton hits you.
You hit the bullfrog skeleton.
The bullfrog skeleton is heavily damaged.
The centaur skeleton closely misses you.
The bullfrog skeleton barely misses you.
The centaur skeleton hits you but does no damage.
The bullfrog skeleton hits you.
You sock the bullfrog skeleton!
The bullfrog skeleton is almost destroyed.
The centaur skeleton hits you but does no damage.
The bullfrog skeleton misses you.
The centaur skeleton closely misses you.
The bullfrog skeleton hits you.
* * * LOW HITPOINT WARNING * * *
You hit the bullfrog skeleton.
The bullfrog skeleton is almost destroyed.
The centaur skeleton hits you.
* * * LOW HITPOINT WARNING * * *
The bullfrog skeleton misses you.
You hit the bullfrog skeleton.
You destroy the bullfrog skeleton!
You have reached level 3!
Your experience leads to a dramatic increase in your attributes!
Increase (S)trength, (I)ntelligence, or (D)exterity?
You feel clever. x2
The centaur skeleton closely misses you.
The centaur skeleton barely misses you.
Unknown command.
It was a potion of might.
You feel very mighty all of a sudden. The centaur skeleton hits you.
* * * LOW HITPOINT WARNING * * *
You sock the centaur skeleton!
The centaur skeleton is severely damaged.
The centaur skeleton barely misses you. The centaur skeleton hits you.
You die...

..# #..#
######...#
#........#
#.......###
#..........
#......#
#..Z...#
###@#..>...
#.# ####.
..# .#.#
#.#.# # #.#
#.# #..


You could see a centaur skeleton.

Vanquished Creatures
  A bullfrog skeleton (D:4)
  An adder (D:3)
  A dart slug (D:1)
  A leopard gecko (D:1)
  A giant cockroach (D:3)
  2 goblins
  2 hobgoblins
  2 bats (D:1)
  2 kobolds (D:1)
  2 rats
15 creatures vanquished.

Notes
Turn   | Place    | Note
-------+----------+-------------------------------------------
     0 | D:1      | tidbits the Demigod Necromancer began the quest for the Orb.
     0 | D:1      | Reached XP level 1. HP: 14/14 MP: 5/5
     2 | D:1      | Learned a level 1 spell: Animate Skeleton
    32 | D:1      | Reached skill level 2 in Dodging
    51 | D:2      | Reached skill level 2 in Spellcasting
   179 | D:1      | Reached XP level 2. HP: 16/20 MP: 7/7
   264 | D:3      | Reached skill level 4 in Necromancy
   343 | D:4      | Reached XP level 3. HP: 7/26 MP: 7/9
   345 | D:4      | Slain by a centaur skeleton

Vault maps used:
D:1:      erik_arrival_blinker_ship
D:2:      minmay_wonky_spiral, kennysheep_ying_yang,
          nicolae_overflow_crystal_walls, nicolae_ru_sacrificial_ziggurat
D:3:      first_bread, wad_rectangle_vault
D:4:      uniq_crazy_yiuf_cottage

Skill      XL: |  1  2 |
---------------+-------+-----
Dodging        | 2 |  2.0
Spellcasting   | 2 |  2.5
Necromancy     | 4 |  4.3
Stealth        | |  1.7

Action                   || total
-------------------------++-------
Melee: Quarterstaff      ||    16
       Hand axe          ||     1
       Unarmed           ||     1
 Cast: Pain              ||    12
  Use: Potion            ||     1
 Stab: Sleeping          ||     3
Armor: Robe              ||     2
Dodge: Dodged            ||    18

Table legend:
 A = Spawn XP
 B = Non-spawn XP
 C = Spawn XP percentage of total XP
 D = Spawn monster count
 E = Non-spawn monster count
 F = Spawn count percentage of total count
 G = Total turns spent on level
                    A         B        C        D         E        F      G
               +---------+---------+-------+---------+---------+-------+---------
         Total |       0 |      79 |   0.0 |       0 |      15 |   0.0 |   345
               +---------+---------+-------+---------+---------+-------+---------
           D:1 |       0 |      16 |   0.0 |       0 |       8 |   0.0 |   126
           D:2 |       0 |       5 |   0.0 |       0 |       3 |   0.0 |   124
           D:3 |       0 |      17 |   0.0 |       0 |       3 |   0.0 |    86
           D:4 |       0 |      41 |   0.0 |       0 |       1 |   0.0 |     9
               +---------+---------+-------+---------+---------+-------+---------

Table legend:
 A = Turns spent in this place as a percentage of turns spent in the entire game.
 B = Non-inter-level travel turns spent in this place as a percentage of non-inter-level travel turns spent in the entire game.
 C = Inter-level travel turns spent in this place as a percentage of turns spent in this place.
 D = Turns resting spent in this place as a percentage of non-inter-level travel turns spent in this place.
 E = Turns spent auto-exploring this place as a percentage of non-inter-level travel turns spent in this place.
 F = Non-inter-level travel turns spent in this place divided by the number of levels of this place that you've seen.
                   A       B       C       D       E      F
               +-------+-------+-------+-------+-------+----------------------
         Total | 100.0 | 100.0 |   0.0 |   0.0 |   0.0 |  86.2
       Dungeon | 100.0 | 100.0 |   0.0 |   0.0 |   0.0 |  86.2
               +-------+-------+-------+-------+-------+----------------------

Table legend:
 A = Kills in this place as a percentage of kills in entire the game.
 B = Kills by you in this place as a percentage of kills by you in the entire game.
 C = Kills by friends in this place as a percentage of kills by friends in the entire game.
 D = Other kills in this place as a percentage of other kills in the entire game.
 E = Experience gained in this place as a percentage of experience gained in the entire game.
 F = Experience gained in this place divided by the number of levels of this place that you have seen.
                   A       B       C       D       E      F
               +-------+-------+-------+-------+-------+----------------------
         Total | 100.0 | 100.0 |   N/A |   N/A | 100.0 |  19.8
       Dungeon | 100.0 | 100.0 |   N/A |   N/A | 100.0 |  19.8
               +-------+-------+-------+-------+-------+----------------------

Vault maps used:
D:1:      erik_arrival_blinker_ship
D:2:      minmay_wonky_spiral, kennysheep_ying_yang,
          nicolae_overflow_crystal_walls, nicolae_ru_sacrificial_ziggurat
D:3:      first_bread, wad_rectangle_vault
D:4:      uniq_crazy_yiuf_cottage
